 Dungeon Crawl Stone Soup version 0.28.0 (webtiles) character file.

Game seed: 18144664088657891974

95 Hasart the Insei (level 4, -1/29 HPs)
             Began as an Octopode Transmuter on Feb 19, 2022.
             Slain by a hound (5 damage)
             ... on level 4 of the Dungeon.
             The game lasted 00:02:08 (2098 turns).

Hasart the Insei (Octopode Transmuter)              Turns: 2098, Time: 00:02:08

Health: -1/29      AC:  1    Str:  9    XL:     4   Next: 66%
Magic:  6/7        EV: 13    Int: 17    God:
Gold:   50         SH:  0    Dex: 12    Spells: 2/8 levels left

rFire   . . .      SeeInvis .     - Unarmed
rCold   . . .      Faith    .   (no shield)
rNeg    . . .      Spirit   .   (helmet restricted)
rPois   .          Reflect  .   (no amulet)
rElec   .          Harm     .   (no ring)
rCorr   .          Rampage  .   (no ring)
Will    .....                   (no ring)
Stlth   ++........              (no ring)
HPRegen 0.09/turn               (no ring)
MPRegen 0.10/turn               (no ring)
                                (no ring)
                                (no ring)

@: wereblooded
A: almost no armour, amphibious, 8 rings, camouflage 1, gelatinous body 1,
(nimble swimmer 1), tentacles
a: no special abilities


You were on level 4 of the Dungeon.
You visited 1 branch of the dungeon, and saw 4 of its levels.

You collected 50 gold pieces.

Inventory:

Scrolls
 d - a scroll of blinking {unknown}
Potions
 a - a potion of ambrosia {unknown}
 b - a potion of heal wounds {unknown}
 c - a potion of flight {unknown}


   Skills:
 + Level 1.9 Fighting
 + Level 2.5 Dodging
 * Level 3.9 Unarmed Combat
 + Level 2.5 Spellcasting
 + Level 2.5 Transmutations


You had 2 spell levels left.
You knew the following spells:

 Your Spells              Type           Power      Damage    Failure   Level
a - Beastly Appendage     Tmut           20%        N/A       6%          1
b - Wereblood             Tmut           10%        N/A       10%         2
c - Spider Form           Tmut/Pois      6%         N/A       32%         3

Your spell library contained the following spells:

 Spells                   Type           Power      Damage    Failure   Level
 Ice Form                 Ice/Tmut       6%         N/A       73%         4


Dungeon Overview and Level Annotations

Branches:
Dungeon (3/15)

Altars:
Vehumet


Innate Abilities, Weirdness & Mutations

You cannot wear most types of armour.
You are amphibious.
You can wear up to eight rings at the same time.
Your skin changes colour to match your surroundings (Stealth+).
Your rubbery body absorbs attacks. (AC +1, EV +1)
((You are camouflaged when in or above water. (Stealth+)))
You have tentacles for arms and can constrict up to eight enemies at once.


Message History

You tentacle-slap the hobgoblin but do no damage.
You grab the hobgoblin.
You constrict the howler monkey skeleton.
You constrict the hound skeleton.
You constrict the hobgoblin, but do no damage.
The hound skeleton closely misses you. The howler monkey skeleton hits you.
The quokka twitches its whiskers.
The hobgoblin hits you but does no damage.
The hound skeleton misses you.
You tentacle-slap the hobgoblin but do no damage.
You constrict the howler monkey skeleton.
You constrict the hound skeleton. You constrict the hobgoblin.
The howler monkey skeleton hits you. The hobgoblin hits you.
The hound skeleton closely misses you.
Unknown command.
You closely miss the hobgoblin. Your grab misses the hobgoblin.
You constrict the howler monkey skeleton.
You constrict the hound skeleton. You constrict the hobgoblin.
The hobgoblin misses you. The hound skeleton barely misses you.
The howler monkey skeleton closely misses you.
The hobgoblin closely misses you.
Unknown command.
You release your grip on the howler monkey skeleton.
You release your grip on the hound skeleton.
You release your grip on the hobgoblin.
The hound skeleton misses you. The hobgoblin hits you.
The quokka closely misses you. The howler monkey closely misses you.
The quokka closely misses you.
The howler monkey hoots and howls with incredible vigour!
The howler monkey hoots and howls with incredible vigour!
The quokka bites you.
* * * LOW HITPOINT WARNING * * *
Found a book of Displacement.
The hound bites you.
* * * LOW HITPOINT WARNING * * *
You closely miss the quokka. Your grab misses the quokka.
Your squeeze misses the quokka. The quokka bites you.
* * * LOW HITPOINT WARNING * * *
The howler monkey barely misses you. The hound bites you.
You die...

#######....
#..........
############..........
#.....................
#...................##
#:......gZ....#####...
#........gZ...# ..
#......hh.....# .
#......@r.l...#
#.............#
#.............#
#.............#
#.............#
#.............#
#.............#
###############


You could see a howler monkey, an iguana, a hound, a quokka, 2 hobgoblins, a
hound skeleton and a howler monkey skeleton.

Vanquished Creatures
  Robin (D:2)
  2 adders (D:2)
  A shadow imp (D:3)
  4 dart slugs
  An orc (D:3)
  3 endoplasms
  10 goblins
  7 hobgoblins
  4 jackals (D:1)
  A quokka (D:1)
  2 ball pythons
  5 bats
  3 kobolds
  3 rats
47 creatures vanquished.

Notes
Turn   | Place    | Note
-------+----------+-------------------------------------------
     0 | D:1      | Hasart the Octopode Transmuter began the quest for the Orb.
     0 | D:1      | Reached XP level 1. HP: 13/13 MP: 3/3
   441 | D:1      | Found a faded altar of an unknown god.
   487 | D:1      | Reached XP level 2. HP: 18/18 MP: 5/5
   727 | D:1      | Reached XP level 3. HP: 23/23 MP: 6/6
   730 | D:1      | Learned a level 2 spell: Wereblood
   734 | D:1      | Learned a level 3 spell: Spider Form
  1334 | D:2      | Noticed Robin
  1343 | D:2      | Reached XP level 4. HP: 29/29 MP: 4/7
  1350 | D:2      | Killed Robin
  1375 | D:2      | Found a radiant altar of Vehumet.
  2082 | D:3      | You fall into a shaft and drop 1 floor!
  2098 | D:4      | Slain by a hound

Illustrated notes

Levels and vault maps discovered:
D:1:      tarquinn_simple_flora_water_b, layout_loops_ring,
          chequers_ecumenical_altar_simple, chequers_serial_rivers_large_b
D:2:      layout_loops_ring, basic_altar, uniq_robin
D:3:      layout_basic, minmay_misc_feat_five, minivault_23
D:4:      layout_basic, minmay_temple_entry_arrows, enter_ossuary_5

Action                   |  1- 3 |  4- 6 || total
-------------------------+-------+-------++-------
Melee: Unarmed           |    86 |    34 ||   120
       Constrict         |    25 |    10 ||    35
       Tentacles         |    22 |     5 ||    27
       Punch             |     6 |     1 ||     7
 Cast: Wereblood         |     2 |     1 ||     3
 Stab: Sleeping          |     4 |     4 ||     8
Armor: Skin              |     5 |     1 ||     6
Dodge: Dodged            |    57 |    29 ||    86
